 Dungeon Crawl Stone Soup version 0.26.0-45-g9c1d065592 (webtiles) character file.

Game seed: 7626622166191220456

119 buki the Skirmisher (level 5, -5/55 HPs)
             Began as an Ogre Hedge Wizard on Jan 28, 2021.
             Was an Initiate of Yredelemnul.
             Slain by Natasha (10 damage)
             ... on level 2 of the Dungeon.
             The game lasted 00:14:06 (3484 turns).

buki the Skirmisher (Ogre Hedge Wizard)             Turns: 3484, Time: 00:14:06

Health: -5/55      AC:  3    Str: 15    XL:     5   Next: 3%
Magic:  9/11       EV: 10    Int: 15    God:    Yredelemnul [......]
Gold:   148        SH:  0    Dex:  8    Spells: 11/12 levels left

rFire    . . .     SeeInvis .   g - +0 spear
rCold    . . .     Faith    .   (no shield)
rNeg     . . .     Spirit   .   b - +0 robe
rPois    .         Reflect  .   c - +0 hat
rElec    .         Harm     .   r - scarf {shadows}
rCorr    .         Rampage  .   (gloves unavailable)
Will     .....                  (boots unavailable)
Stlth    +.........             (no amulet)
HPRegen  0.18/turn              (no ring)
MPRegen  0.12/turn              (no ring)

@: no status effects
A: large, unfitting armour, tough skin 1
a: Renounce Religion


You were on level 2 of the Dungeon.
You worshipped Yredelemnul.
Yredelemnul was noncommittal.
You visited 1 branch of the dungeon, and saw 2 of its levels.

You collected 148 gold pieces.

Inventory:

Hand Weapons
 g - a +0 spear (weapon)
 p - a +0 hunting sling
Missiles
 e - 14 stones
 i - 2 boomerangs
 q - 6 javelins (quivered)
 w - 22 sling bullets
Armour
 b - a +0 robe (worn)
 c - a +0 hat (worn)
 r - a scarf of shadows (worn)
Jewellery
 n - an uncursed ring of ice
Scrolls
 a - a scroll of teleportation {unknown}
 f - a scroll of fear {unknown}
 h - 6 scrolls of remove curse {unknown}
 k - a scroll of magic mapping {unknown}
 m - a scroll of amnesia {unknown}
 t - 2 scrolls of enchant armour {unknown}
 v - 3 scrolls of identify {unknown}
 x - a scroll of noise {unknown}
Potions
 d - 4 potions of heal wounds {unknown}
 j - a potion of degeneration {unknown}
 l - a potion of resistance {unknown}
 o - 2 potions of attraction {unknown}
 s - a potion of cancellation {unknown}
 u - 2 potions of berserk rage {unknown}
 z - a potion of flight {unknown}


   Skills:
 * Level 4.7 Fighting
 + Level 2.0 Throwing
 - Level 1.7 Dodging
 - Level 1.4 Stealth
 - Level 4.0 Spellcasting
 - Level 0.8 Conjurations
 - Level 0.8 Summonings
 - Level 0.8 Translocations


You had 11 spell levels left.
You knew the following spells:

 Your Spells              Type           Power        Failure   Level
a - Magic Dart            Conj           8%           13%         1

Your spell library contained the following spells:

 Spells                   Type           Power        Failure   Level
 Blink                    Tloc           N/A          19%         2
 Call Imp                 Summ           2%           19%         2
 Slow                     Hex            1%           26%         2
 Conjure Flame            Conj/Fire      2%           41%         3
 Mephitic Cloud           Conj/Pois/Air  1%           43%         3


Dungeon Overview and Level Annotations

Branches:
Dungeon (2/15)

Altars:
Fedhas
Ru
Yredelemnul

Annotations:
D:2 Natasha


Innate Abilities, Weirdness & Mutations

You are too large for most types of armour.
You have tough skin. (AC +1)


Message History

Natasha closely misses you.
The shadow imp hits you but does no damage.
You hit Natasha.
Natasha is heavily wounded.
Natasha barely misses you.
The shadow imp hits you but does no damage.
You hit Natasha.
Natasha is severely wounded.
Natasha closely misses you. The shadow imp closely misses you.
You closely miss Natasha.
Natasha is severely wounded.
Natasha misses you. The shadow imp gestures at you.
Pain shoots through your body!
* * * LOW HITPOINT WARNING * * *
You closely miss Natasha.
Natasha is severely wounded.
Natasha claws you!
You die...
Your body rises from the dead as a mindless zombie.

###########...........#
###............#.....#..#
....#.#...###..#.....#..#
..........####.###.###..#
####.)#.................#
#..##.#######..#.....#
####..##.# #...)....#
......##.# #####h####..#
#####.##.# #..5@.# #..#
#.##.# #.##### #..#
#.##.# #.# #..# #.##.#
#.# #..## #.##.# #.#
#..[# #.##.####.# #.#.#
#.##.##.#.# #<#.#
#.##.#.#..# #.#.#
#.##..###.## #.#.#


You could see Natasha and a shadow imp (summoned).

Vanquished Creatures
  Natasha (twice) (D:2)
  An adder (D:2)
  3 worms (D:2)
  2 dart slugs (D:2)
  2 leopard geckos (D:1)
  4 bats
  4 giant cockroaches
  4 hobgoblins
  A jackal (D:2)
  4 kobolds
  A quokka (D:2)
  9 frilled lizards
  6 goblins
  7 rats
50 creatures vanquished.

Notes
Turn   | Place    | Note
-------+----------+-------------------------------------------
     0 | D:1      | buki the Ogre Hedge Wizard began the quest for the Orb.
     0 | D:1      | Reached XP level 1. HP: 16/16 MP: 5/5
    83 | D:1      | Reached skill level 1 in Fighting
   256 | D:1      | Reached XP level 2. HP: 18/28 MP: 2/6
   779 | D:1      | Reached XP level 3. HP: 36/36 MP: 5/8
  1169 | D:2      | Reached skill level 1 in Throwing
  2105 | D:2      | Noticed Natasha
  2127 | D:2      | Killed Natasha
  2128 | D:2      | Reached XP level 4. HP: 8/48 MP: 10/10
  2459 | D:2      | Found a basalt altar of Yredelemnul.
  2465 | D:2      | Found a blossoming altar of Fedhas.
  2530 | D:2      | Became a worshipper of Yredelemnul the Dark
  2796 | D:2      | Found a sacrificial altar of Ru.
  3039 | D:2      | Noticed Natasha
  3050 | D:2      | Killed Natasha
  3051 | D:2      | Reached XP level 5. HP: 50/55 MP: 8/11
  3332 | D:2      | Found a sacrificial altar of Ru.
  3343 | D:2      | Found a blossoming altar of Fedhas.
  3344 | D:2      | Found a basalt altar of Yredelemnul.
  3461 | D:2      | Noticed Natasha
  3484 | D:2      | Slain by Natasha

Illustrated notes

Levels and vault maps discovered:
D:1:      matt_arrival_diagonals, layout_loops_ring, kennysheep_minor_cross,
          st_stairs_3
D:2:      layout_loops_ring, chequers_temple_overflow_statue_of_worship,
          st_stairs_3, kennysheep_nondescript, minivault_19,
          nicolae_ru_path_of_blood, uniq_natasha

Skill      XL: |  1  2  3  4 |
---------------+-------------+-----
Fighting       | 2 4 |  4.7
Throwing       | 1 2 |  2.0
Spellcasting   | 4 |  4.0
Dodging        | |  1.7
Stealth        | |  1.4
Conjurations   | |  0.8
Summonings     | |  0.8
Translocations | |  0.8

Action                   |  1- 3 |  4- 6 || total
-------------------------+-------+-------++-------
Melee: Spear             |   133 |    58 ||   191
 Fire: Hunting sling     |     4 |       ||     4
 Cast: Magic Dart        |    64 |    21 ||    85
 Stab: Sleeping          |       |     1 ||     1
Armor: Robe              |    22 |    11 ||    33
Dodge: Dodged            |    44 |    23 ||    67
